[Event "*** Titled Tuesday Blitz"]
[Site "Chess.com"]
[Date "2019.02.05"]
[Round "2"]
[White "x-6099009240"]
[Black "Redbandit87"]
[Result "1-0"]
[WhiteElo "2397"]
[BlackElo "2382"]
[TimeControl "180+2"]
[EndTime "13:20:20 PST"]
[Termination "x-6099009240 won by checkmate"]

1. e4 e5 2. f4 Nc6 3. Bc4 Nf6 4. Nc3 Bc5 5. Nf3 d6 6. d3 O-O 7. Na4 Bb6 8. Nxb6 axb6 9. f5 d5 10. exd5 Nxd5 11. g4 Nd4 12. Bd2 b5 13. Bb3 Nxf3+ 14. Qxf3 Qh4+ 15. Qf2 Qxf2+ 16. Kxf2 c6 17. Rhe1 Re8 18.
Re2 Kf8 19. Rae1 f6 20. Kg3 Bd7 21. h4 h5 22. g5 b6 23. Rf2 Ne7 24. gxf6 gxf6 25.
Bh6# 1-0

[Event "*** Titled Tuesday Blitz"]
[Site "Chess.com"]
[Date "2019.02.05"]
[Round "2"]
[White "Kouzari"]
[Black "Polish_fighter3000"]
[Result "0-1"]
[WhiteElo "2602"]
[BlackElo "3017"]
[TimeControl "180+2"]
[EndTime "13:20:24 PST"]
[Termination "Polish_fighter3000 won by resignation"]

1. d4 Nf6 2. c4 g6 3. Nc3 d5 4. Bg5 Bg7 5. Bxf6 Bxf6 6. cxd5 c5 7. Nf3 cxd4 8. Nxd4 Qb6 9. Nb3 O-O 10. Qd2 Na6 11. e4 Rd8 12. f4 Bg7 13. O-O-O Bd7 14. Kb1 Rac8 15. Rc1 Nb4 16. a3 Na6 17. Ka2 e6 18. e5 Nc5 19. Nxc5 Qxc5 20. d6 Bh6 21. Rd1 Bc6 22. Bd3 b5 23. Ne4 Bxe4 24. Bxe4 Qc4+ 25.
Kb1 Qxe4+ 26. Ka2 Bxf4 0-1

[Event "*** Titled Tuesday Blitz"]
[Site "Chess.com"]
[Date "2019.02.05"]
[Round "2"]
[White "SergioGarciaFuentes"]
[Black "minnesotachessmaster"]
[Result "1/2-1/2"]
[WhiteElo "1975"]
[BlackElo "2003"]
[TimeControl "180+2"]
[EndTime "13:20:29 PST"]
[Termination "Game drawn by repetition"]

1. Nf3 Nf6 2. g3 g6 3. b3 Bg7 4.
Bb2 O-O 5. Bg2 d6 6. d4 Nbd7 7. Nbd2 c5 8. c4 Rb8 9. O-O b6 10. Re1 Bb7 11. d5 b5 12. e4 a6 13.
Rc1 Ng4 14. Bxg7 Kxg7 15. Qc2 Kg8 16. h3 Nge5 17. Nxe5 Nxe5 18. f4 Nd7 19. Qc3 e5 20.
f5 f6 21. fxg6 hxg6 22. Rf1 Kg7 23. Rf2 Rf7 24. Rcf1 Qe7 25. h4 b4 26. Qe3 Rh8 27.
Rf3 Nb6 28. R1f2 Bc8 29. Rf1 Bg4 30. R3f2 a5 31. Nf3 a4 32. Nh2 Bd7 33. Bf3 Bh3 34. Bg2 Bd7 35. Bf3 Bh3 36. Bg2 Bd7 37. Bf3 1/2-1/2

[Event "*** Titled Tuesday Blitz"]
[Site "Chess.com"]
[Date "2019.02.05"]
[Round "2"]
[White "JosefineHeinemann"]
[Black "Muracle"]
[Result "1/2-1/2"]
[WhiteElo "2420"]
[BlackElo "2519"]
[TimeControl "180+2"]
[EndTime "13:20:33 PST"]
[Termination "Game drawn by repetition"]

1. e4 c6 2. d4 d5 3. e5 Bf5 4.
Nf3 e6 5. Be2 c5 6. Be3 Nc6 7. O-O Bg6 8. Bb5 Nh6 9. c4 dxc4 10. Nc3 Bd3 11. Re1 Nf5 12. Bxc6+ bxc6 13. dxc5 Nxe3 14. fxe3 Bxc5 15. b3 O-O 16. bxc4 Bxc4 17. Ne4 Bb4 18. Qxd8 Rfxd8 19. Rec1 Bd5 20. Nc3 Bxf3 21. gxf3 Rd3 22. Ne4 Rxe3 23. Kf2 Rd3 24. Rxc6 h6 25. Rc7 Ba5 26. Rb7 Bb6+ 27. Kg3 Bd4 28.
Rc1 Bxe5+ 29. Kg2 Bf4 30. Rc6 Rad8 31. Rxa7 f5 32. Nf2 Rd2 33. Rxe6 Rb2 34. Ree7 g6 35. Rg7+ Kh8 36. Rh7+ Kg8 37. Rag7+ Kf8 38. Rf7+ Kg8 39.
Rhg7+ Kh8 40. Rh7+ Kg8 41. Rhg7+ Kh8 42. Rh7+ Kg8 43.
Rhg7+ Kh8 1/2-1/2

[Event "*** Titled Tuesday Blitz"]
[Site "Chess.com"]
[Date "2019.02.05"]
[Round "2"]
[White "GHANDEEVAM2003"]
[Black "in_shambles"]
[Result "1-0"]
[WhiteElo "2857"]
[BlackElo "2001"]
[TimeControl "180+2"]
[EndTime "13:20:34 PST"]
[Termination "GHANDEEVAM2003 won by resignation"]

1. Nf3 Nf6 2. c4 e6 3. g3 d5 4.
Bg2 Be7 5. O-O O-O 6. d4 dxc4 7.
Ne5 c6 8. Nxc4 b5 9. Ne5 Bb7 10.
Nc3 Qc7 11. Bf4 Bd6 12. Rc1 a6 13. a4 b4 14. Ne4 Nxe4 15. Bxe4 Rc8 16. e3 f6 17. Nd3 Bxf4 18. Nxf4 Qd6 19. Qb3 Re8 20. Nd3 a5 21. Nc5 Ba6 22. Rfd1 Ra7 23. h4 Rc7 24. Kg2 Bc8 25. h5 Nd7 26. h6 Nxc5 27. Rxc5 Kf8 28. Rxa5 f5 29. Bf3 gxh6 30. Rc5 Bd7 31. Qxb4 Kf7 32.
Rxf5+ 1-0

[Event "*** Titled Tuesday Blitz"]
[Site "Chess.com"]
[Date "2019.02.05"]
[Round "2"]
[White "Marcus_Harvey"]
[Black "AbdAlAgathos"]
[Result "1-0"]
[WhiteElo "2719"]
[BlackElo "2321"]
[TimeControl "180+2"]
[EndTime "13:20:36 PST"]
[Termination "Marcus_Harvey won by resignation"]

1. Nf3 f5 2. g3 Nf6 3. Bg2 g6 4. O-O Bg7 5. d3 O-O 6. Nbd2 Nc6 7. e4 d6 8. Re1 e5 9. Nc4 h6 10. c3 g5 11. exf5 Bxf5 12. d4 exd4 13. Nxd4 Bg4 14. Nxc6 bxc6 15. Qc2 Nd5 16. Ne3 Nxe3 17. Bxe3 Qd7 18. Qa4 Bf3 19. Rad1 a5 20. Bxf3 Rxf3 21. Rd2 Re8 22. Qxa5 c5 23. Qxc5 Qe7 24. Qd5+ Kh8 25. Qxf3 1-0

[Event "*** Titled Tuesday Blitz"]
[Site "Chess.com"]
[Date "2019.02.05"]
[Round "2"]
[White "salomez"]
[Black "ChessMavenYeti"]
[Result "0-1"]
[WhiteElo "2117"]
[BlackElo "2240"]
[TimeControl "180+2"]
[EndTime "13:20:37 PST"]
[Termination "ChessMavenYeti won by checkmate"]

1. e4 e6 2. d4 d5 3. Nc3 Bb4 4.
e5 c5 5. a3 Ba5 6. b4 cxd4 7.
Nb5 Bc7 8. f4 Bd7 9. Nxd4 Nc6 10. Ngf3 Nh6 11. Bd3 Bb6 12. Bb2 Nxd4 13. Nxd4 O-O 14.
O-O f6 15. Kh1 fxe5 16. fxe5 Qh4 17. Nf3 Qh5 18. Qe1 Rf4 19. Bc1 Rf7 20. Qg3 Raf8 21.
Bxh6 Qxh6 22. Rfe1 Be3 23. Re2 Bf4 24. Qg4 d4 25.
Rae1 Bc6 26. Be4 Bxh2 27. Nxh2 Rf1+ 28. Rxf1 Rxf1# 0-1

[Event "*** Titled Tuesday Blitz"]
[Site "Chess.com"]
[Date "2019.02.05"]
[Round "2"]
[White "MrVezunchik"]
[Black "26andrej26"]
[Result "1-0"]
[WhiteElo "2688"]
[BlackElo "2418"]
[TimeControl "180+2"]
[EndTime "13:20:38 PST"]
[Termination "MrVezunchik won by resignation"]

1. c4 Nf6 2. Nc3 g6 3. g3 Bg7 4. Bg2 O-O 5. d4 d6 6. Nf3 Nc6 7. O-O a6 8. d5 Na5 9. b3 c5 10.
dxc6 Nxc6 11. Bb2 Qa5 12. Qc1 Qh5 13. Rd1 Bh3 14. Nd5 Bh6 15. Qc3 Ne5 16. Nxe7+ Kg7 17. Nxe5 dxe5 18. Bxh3 Qxh3 19. Qxe5 Qe6 20. Nd5 Qxe5 21.
Bxe5 Bg5 22. h4 Rae8 23. hxg5 Rxe5 24. gxf6+ 1-0

[Event "*** Titled Tuesday Blitz"]
[Site "Chess.com"]
[Date "2019.02.05"]
[Round "2"]
[White "MissingLife"]
[Black "kuli4ik"]
[Result "0-1"]
[WhiteElo "2458"]
[BlackElo "2837"]
[TimeControl "180+2"]
[EndTime "13:20:40 PST"]
[Termination "kuli4ik won by resignation"]

1. Nf3 g6 2. g3 Bg7 3. Bg2 d6 4. c4 a6 5. Nc3 Nd7 6. O-O e6 7. b3 Ne7 8. Bb2 O-O 9. Qc2 h6 10. a3 Rb8 11. d4 b6 12. Rad1 Bb7 13.
b4 g5 14. c5 Ng6 15. e4 Qe7 16. Rfe1 dxc5 17. bxc5 bxc5 18. d5 Nde5 19. Nxe5 Bxe5 20.
Na4 Bxb2 21. Nxb2 Rfd8 22. Nd3 c4 23. Qxc4 exd5 24. exd5 Qxa3 25. Nc5 Bc8 26. Ne4 Qb2 27. Qxc7 Bg4 28. Rb1 Qxb1 29. Rxb1 Rxb1+ 30. Bf1 Rc8 31. Qa5 Bh3 32. Nd2 Rcc1 33. Qxa6 Rxf1+ 34. Nxf1 Rxf1+ 35. Qxf1 Bxf1 36. Kxf1 Kf8 37. Ke2 Ke7 38. Ke3 Kd6 39. Ke4 Ne7 40. h4 f5+ 41. Kd4 Nxd5 42. hxg5 hxg5 43.
g4 f4 44. Ke4 Ke6 45. f3 Nf6+ 0-1

[Event "*** Titled Tuesday Blitz"]
[Site "Chess.com"]
[Date "2019.02.05"]
[Round "2"]
[White "champ2005"]
[Black "mouseWLZ"]
[Result "0-1"]
[WhiteElo "2590"]
[BlackElo "2434"]
[TimeControl "180+2"]
[EndTime "13:20:41 PST"]
[Termination "mouseWLZ won by resignation"]

1. e4 e6 2. d4 d5 3. Nc3 Nf6 4. Bg5 Bb4 5. e5 h6 6. Bd2 Bxc3 7. bxc3 Ne4 8. Qg4 Kf8 9. Bd3 Nxd2 10. Kxd2 c5 11.
Nf3 Nc6 12. dxc5 Qe7 13. Rhe1 Qxc5 14. Nd4 Bd7 15. Nxc6 bxc6 16. Qb4 Qxb4 17. cxb4 Ke7 18. Ke3 Rhb8 19. a3 a5 20. c3 g5 21. Kd4 Kd8 22. Re3 axb4 23. cxb4 Rxb4+ 24. axb4 Rxa1 25. Rh3 Ra2 26. Rf3 Ke7 27. Rf6 Be8 28. g3 Bd7 29. g4 Be8 30. Ke3 Rb2 31. Rxh6 Rxb4 32. f3 c5 33. Rh5 d4+ 34. Kd2 c4 35. Bc2 c3+ 36. Kc1 Bb5 37. Rxg5 d3 38. Bd1 Rb2 0-1

[Event "*** Titled Tuesday Blitz"]
[Site "Chess.com"]
[Date "2019.02.05"]
[Round "2"]
[White "Hieronymus00"]
[Black "goingin33"]
[Result "1-0"]
[WhiteElo "2181"]
[BlackElo "2197"]
[TimeControl "180+2"]
[EndTime "13:20:41 PST"]
[Termination "Hieronymus00 won by resignation"]

1. e4 e6 2. d4 d5 3. Nc3 Bb4 4. a3 Bxc3+ 5. bxc3 dxe4 6. Qg4 Nf6 7. Qxg7 Rg8 8. Qh6 Rg6 9. Qe3 b6 10. Bb2 Bb7 11. c4 Nbd7 12. O-O-O Qe7 13. Ne2 Ng4 14. Qf4 h5 15. h3 Rf6 16. Qxc7 Nxf2 17. Qxb7 Rb8 18.
Qxa7 Nxh1 19. d5 e5 20. Nc3 Ng3 21. d6 Qe6 22. Nd5 Rxf1 23. Nc7+ Kd8 24. Nxe6+ fxe6 25. Bxe5 Rxd1+ 26. Kxd1 Nf5 27. Bf4 e5 28. Bxe5 Ne3+ 29.
Ke2 Nxc4 30. Qc7+ Ke8 31. Qxc4 Nxe5 32. Qg8+ Kd7 33. Qxb8 1-0

[Event "*** Titled Tuesday Blitz"]
[Site "Chess.com"]
[Date "2019.02.05"]
[Round "2"]
[White "arctic_t00"]
[Black "PotapovaM"]
[Result "1/2-1/2"]
[WhiteElo "2376"]
[BlackElo "2439"]
[TimeControl "180+2"]
[EndTime "13:20:43 PST"]
[Termination "Game drawn by repetition"]

1. d4 Nf6 2. Nf3 e6 3. e3 b6 4. Bd3 Bb7 5. O-O Ne4 6. a4 a5 7. Nbd2 f5 8. c4 Be7 9. b3 O-O 10. Qc2 Nxd2 11. Bxd2 Na6 12. Be2 Be4 13. Qb2 Nb4 14.
Bxb4 Bxb4 15. Rfd1 Qf6 16. Ne5 Rad8 17. f3 Bb7 18. f4 d6 19. Bf3 Be4 20. Bxe4 fxe4 21. Nc6 Rd7 22. Qc2 Qf5 23. h3 h5 24. Kh2 h4 25. Qf2 Qh5 26. Qc2 Qf5 27. Qf2 Qh5 28. Qc2 Qf5 29. Qf2 Qh5 30. Qc2 Qf5 31. Qf2 1/2-1/2

[Event "*** Titled Tuesday Blitz"]
[Site "Chess.com"]
[Date "2019.02.05"]
[Round "2"]
[White "vugarrasulov"]
[Black "Storne89"]
[Result "1-0"]
[WhiteElo "2855"]
[BlackElo "2573"]
[TimeControl "180+2"]
[EndTime "13:21:03 PST"]
[Termination "vugarrasulov won by resignation"]

1. e4 c5 2. Nf3 Nc6 3. d4 cxd4 4. Nxd4 Nf6 5. Nc3 e5 6. Ndb5 d6 7. Bg5 a6 8. Na3 b5 9. Nd5 Be7 10. Bxf6 Bxf6 11. c4 b4 12. Nc2 a5 13. Qf3 Bg5 14. h4 Bh6 15. g4 f6 16. g5 fxg5 17. Qh5+ Kf8 18. Bh3 gxh4 19. Bxc8 Rxc8 20. Qf5+ Ke8 21.
Qe6+ Kf8 22. Rh3 Bf4 23. Rf3 g5 24. Nxf4 exf4 25. O-O-O Ne7 26. Rxd6 Qe8 27. Qf6+ Kg8 28. Qxg5+ Ng6 29. Rxf4 Rc7 30. Rd8 1-0

[Event "*** Titled Tuesday Blitz"]
[Site "Chess.com"]
[Date "2019.02.05"]
[Round "2"]
[White "AliKa2810"]
[Black "jeetjain"]
[Result "1-0"]
[WhiteElo "2467"]
[BlackElo "2345"]
[TimeControl "180+2"]
[EndTime "13:21:03 PST"]
[Termination "AliKa2810 won by resignation"]

1. e4 e5 2. Nf3 Nc6 3. d4 exd4 4. Nxd4 Bc5 5. Nb3 Bb6 6. Nc3 Nf6 7. Qe2 a5 8. a4 O-O 9. Be3 Bxe3 10. Qxe3 d6 11. O-O-O Be6 12. Nd4 Nxd4 13. Qxd4 Nd7 14. f4 f5 15. Bc4 Bxc4 16. Qxc4+ Kh8 17. Rhe1 fxe4 18. Nxe4 Nb6 19. Qb5 Rxf4 20. Qh5 Qe8 21. Qxe8+ Rxe8 22. Nxd6 Rxe1 23. Rxe1 h6 24. Nxb7 Nxa4 25.
Nxa5 Rf2 26. Re7 Rxg2 27. Rxc7 Rxh2 28. b3 Nb6 29. c4 h5 30. c5 Nd5 31. Rd7 Nb4 32. c6 Rc2+ 33. Kd1 Rc5 34. c7 Kh7 35.
Nb7 Rc6 36. Nd6 h4 37. c8=Q Rxc8 38. Nxc8 h3 39. Ke2 Kh6 40. Kf3 g5 41. Kg3 1-0

[Event "*** Titled Tuesday Blitz"]
[Site "Chess.com"]
[Date "2019.02.05"]
[Round "2"]
[White "Supernotar"]
[Black "AndrBaryshpolets"]
[Result "1-0"]
[WhiteElo "2482"]
[BlackElo "2601"]
[TimeControl "180+2"]
[EndTime "13:21:04 PST"]
[Termination "Supernotar won by resignation"]

1. d4 d5 2. c4 e6 3. Nf3 Nf6 4.
e3 c6 5. Nbd2 Nbd7 6. Bd3 Bd6 7.
O-O O-O 8. e4 e5 9. cxd5 cxd5 10.
exd5 exd4 11. Ne4 Nxe4 12. Bxe4 h6 13. Nxd4 Bxh2+ 14. Kxh2 Qh4+ 15. Kg1 Qxe4 16. Nb3 Nf6 17. d6 b6 18. Re1 Qc6 19. Bf4 Bb7 20. f3 Nd5 21.
Bg3 Rfe8 22. Qd2 Qd7 23. Rxe8+ Rxe8 24. Re1 f6 25. Nd4 Kf7 26. Kf2 Rxe1 27. Qxe1 h5 28. Qe4 g6 29. Bh2 a5 30. a3 Ba8 31. g4 hxg4 32. fxg4 Bb7 33. Bg3 Nc7 34. Qxb7 1-0

[Event "*** Titled Tuesday Blitz"]
[Site "Chess.com"]
[Date "2019.02.05"]
[Round "2"]
[White "Fivetrick"]
[Black "Alekseyviktorovich"]
[Result "0-1"]
[WhiteElo "2576"]
[BlackElo "2312"]
[TimeControl "180+2"]
[EndTime "13:21:05 PST"]
[Termination "Alekseyviktorovich won on time"]

1. e4 c6 2. d4 d5 3. Nd2 dxe4 4. Nxe4 Bf5 5. Ng3 Bg6 6. h4 h6 7. Nf3 Nd7 8. h5 Bh7 9. Bd3 Bxd3 10. Qxd3 e6 11. Bd2 Ngf6 12. O-O-O Be7 13. Kb1 Qc7 14. Ne4 Nxe4 15. Qxe4 Nf6 16. Qe2 c5 17. Qb5+ Qd7 18.
Qxd7+ Nxd7 19. Be3 O-O-O 20. d5 exd5 21. Rxd5 Nf6 22.
Re5 Bd6 23. Rf5 b6 24. Rd1 Bc7 25. Kc1 Rxd1+ 26. Kxd1 Kd7 27. Nd2 Ke6 28. Rf3 Nxh5 29. Ke2 f5 30. g3 g5 31. Nc4 f4 32. gxf4 g4 33. f5+ Kf6 0-1

[Event "*** Titled Tuesday Blitz"]
[Site "Chess.com"]
[Date "2019.02.05"]
[Round "2"]
[White "TakeMyPieces97"]
[Black "TomasKapitanchuk"]
[Result "0-1"]
[WhiteElo "2255"]
[BlackElo "2424"]
[TimeControl "180+2"]
[EndTime "13:21:06 PST"]
[Termination "TomasKapitanchuk won by checkmate"]

1. e4 c5 2. Nf3 e6 3. Nc3 Nc6 4. d4 cxd4 5. Nxd4 Qc7 6. g3 a6 7. Bg2 Nf6 8. O-O Nxd4 9. Qxd4 Bc5 10. Bf4 d6 11. Qd2 h6 12. Rad1 e5 13. Be3 Be6 14.
Nd5 Bxd5 15. exd5 O-O 16. Bxh6 gxh6 17. Qxh6 Nh7 18. Bh3 f5 19. b4 Rf6 20. Qh5 Ba7 21.
Bxf5 Raf8 22. g4 Qg7 23. Kh1 Rh6 24. Bxh7+ Rxh7 25. Rg1 Bxf2 26. Rg2 Rxh5 27. gxh5 Qxg2+ 28. Kxg2 Bd4 29. Rd2 Bc3 30. Rd3 Bxb4 31. Rb3 Bc5 32. Rxb7 Rf2+ 33. Kg3 Rxc2 34. a4 Rc4 35. a5 Ra4 36. h4 Rxa5 37. Kg4 Ra1 38. Kf5 Rg1 39. h6 a5 40. Kf6 a4 41. h5 a3 42. Rg7+ Rxg7 43. hxg7 Be3 44. Ke6 a2 45. Kxd6 a1=Q 46. Ke6 Kxg7 47. d6 Bg5 48. d7 e4 49. h6+ Kxh6 50. Kf7 e3 51. Kg8 Qg7# 0-1

[Event "*** Titled Tuesday Blitz"]
[Site "Chess.com"]
[Date "2019.02.05"]
[Round "2"]
[White "Supelyel"]
[Black "Kirill_Klukin"]
[Result "0-1"]
[WhiteElo "2330"]
[BlackElo "2629"]
[TimeControl "180+2"]
[EndTime "13:21:07 PST"]
[Termination "Kirill_Klukin won by resignation"]

1. c4 Nf6 2. Nf3 Nc6 3. g3 e6 4. Bg2 g6 5. O-O Bg7 6. Nc3 O-O 7. b3 d5 8. cxd5 exd5 9. Bb2 Ne7 10. e3 c6 11. d3 Bf5 12. Nd4 Bd7 13. b4 Nf5 14. Nb3 Nd6 15. Qc2 Rc8 16. Nc5 Bf5 17. e4 dxe4 18.
dxe4 b6 19. exf5 bxc5 20. fxg6 hxg6 21. bxc5 Nc4 22. Rad1 Qa5 23. Ba1 Na3 24. Qa4 Qxc5 25. Ne4 Nxe4 26. Bxe4 Nb5 27. Rc1 Qb6 28. Bxg7 Kxg7 29.
Qc4 Rfd8 30. Bxc6 Nd4 0-1

[Event "*** Titled Tuesday Blitz"]
[Site "Chess.com"]
[Date "2019.02.05"]
[Round "2"]
[White "xberli"]
[Black "Satscho"]
[Result "0-1"]
[WhiteElo "2527"]
[BlackElo "2320"]
[TimeControl "180+2"]
[EndTime "13:21:08 PST"]
[Termination "Satscho won by resignation"]

1. e4 c5 2. Nf3 d6 3. d4 cxd4 4. Nxd4 Nf6 5. Nc3 a6 6. Bg5 e6 7. f4 Be7 8. Qf3 Qc7 9. O-O-O Nbd7 10. Be2 h6 11. Bxf6 Bxf6 12. g4 Qb6 13. Nb3 Qc7 14.
h4 Bxc3 15. bxc3 b5 16. g5 Bb7 17. Qd3 hxg5 18. hxg5 Rxh1 19. Rxh1 O-O-O 20. Bf3 Nc5 21. Qe3 Na4 22. Kd2 e5 23. Rh7 d5 24. exd5 Bxd5 25.
Bxd5 Rxd5+ 26. Kc1 Nxc3 27. Rh8+ Kb7 28. Nd2 exf4 29. Qe8 Nxa2+ 30. Kb1 Nc3+ 31. Kc1 Na2+ 32. Kb1 Rxd2 33. Qa8+ Kb6 34. Qb8+ Qxb8 35. Rxb8+ Kc7 36. Rf8 Nc3+ 37. Kc1 Rd7 38. g6 fxg6 39. Kb2 Nd5 40. Kb3 g5 41. c4 bxc4+ 42. Kxc4 g4 43. Kc5 g3 44. Rf5 g2 45. Rg5 f3 46. Rg6 f2 47.
Rc6+ Kb7 0-1

[Event "*** Titled Tuesday Blitz"]
[Site "Chess.com"]
[Date "2019.02.05"]
[Round "2"]
[White "Induwara_IM"]
[Black "Kostya_Nikologorskiy"]
[Result "0-1"]
[WhiteElo "2353"]
[BlackElo "2429"]
[TimeControl "180+2"]
[EndTime "13:21:08 PST"]
[Termination "Kostya_Nikologorskiy won by resignation"]

1. d4 Nf6 2. c4 e6 3. Nf3 Bb4+ 4. Nbd2 b6 5. a3 Bxd2+ 6. Qxd2 Bb7 7. g3 d6 8. Bg2 O-O 9. O-O Ne4 10. Qc2 f5 11. b4 Nd7 12. Bb2 Ndf6 13. Rac1 a5 14. d5 axb4 15. axb4 e5 16. Ra1 Qd7 17. h3 b5 18. Rfd1 Rxa1 19. Bxa1 Ra8 20. c5 Bxd5 21. cxd6 cxd6 22. e3 Ra2 23. Qb1 Rxf2 24. Rxd5 Nxd5 25. Qb3 Qc6 26. g4 g6 27. gxf5 gxf5 28. Nh4 Qc1+ 29. Kh2 Qc4 30. Qd1 Nxe3 31. Qh5 Qf7 32. Qh6 Nxg2 33.
Nxg2 Qg6 0-1

[Event "*** Titled Tuesday Blitz"]
[Site "Chess.com"]
[Date "2019.02.05"]
[Round "2"]
[White "NateSolon"]
[Black "Rakesh"]
[Result "1-0"]
[WhiteElo "2527"]
[BlackElo "2291"]
[TimeControl "180+2"]
[EndTime "13:21:10 PST"]
[Termination "NateSolon won by resignation"]

1. d4 Nf6 2. Bg5 d5 3. e3 c6 4. Nf3 Ne4 5. Bf4 Qb6 6. Qc1 Bf5 7. Nbd2 Nd7 8. Be2 Ndf6 9. O-O e6 10. c4 Be7 11. c5 Qd8 12. h3 Rg8 13. Bh2 g5 14. Ne5 h5 15. Nxe4 Bxe4 16. f3 Bh7 17. g4 hxg4 18. hxg4 Qa5 19. a3 Qa4 20. b4 Nd7 21. Kg2 Nxe5 22. Bxe5 Kd7 23. Rh1 Bg6 24. Qb2 f6 25. Bg3 Qc2 26. Qxc2 Bxc2 27. b5 Rh8 28. Rhc1 Ba4 29. Rab1 Bxb5 30. Bxb5 cxb5 31. Rxb5 Kc6 32. Rcb1 Rab8 33. Bxb8 Rxb8 34. a4 e5 35. Rh1 b6 36.
Rh7 Bf8 37. Rxa7 exd4 38. exd4 bxc5 39. Rxb8 1-0

[Event "*** Titled Tuesday Blitz"]
[Site "Chess.com"]
[Date "2019.02.05"]
[Round "2"]
[White "justantan"]
[Black "GukeshDommaraju"]
[Result "0-1"]
[WhiteElo "2696"]
[BlackElo "2694"]
[TimeControl "180+2"]
[EndTime "13:21:11 PST"]
[Termination "GukeshDommaraju won by resignation"]

1. e4 c5 2. Nf3 Nc6 3. Bb5 g6 4. Bxc6 dxc6 5. d3 Bg7 6. h3 Nf6 7. Nc3 Nd7 8. Be3 e5 9. O-O b6 10. Qd2 h6 11. Rae1 Nf8 12. Nh2 Ne6 13.
Ne2 Nd4 14. f4 Nxe2+ 15. Rxe2 exf4 16. Bxf4 Be6 17. b3 Qd7 18. Nf3 O-O-O 19. Kh2 g5 20. Bg3 f6 21. b4 c4 22. d4 h5 23.
c3 g4 24. Qf4 Kb7 25. Ng1 h4 26. Be1 Bh6 27. Qxf6 Rdf8 28. Bxh4 Rxf6 29. Bxf6 Rg8 30. e5 gxh3 31. Nxh3 Bxh3 32. gxh3 Qe6 33. Re4 Bd2 34.
Rf3 Qd5 0-1

[Event "*** Titled Tuesday Blitz"]
[Site "Chess.com"]
[Date "2019.02.05"]
[Round "2"]
[White "robbykevlishvili"]
[Black "JoakimVonAnd"]
[Result "1-0"]
[WhiteElo "2750"]
[BlackElo "2320"]
[TimeControl "180+2"]
[EndTime "13:21:13 PST"]
[Termination "robbykevlishvili won by resignation"]

1. e4 c6 2. d4 d5 3. e5 Bf5 4. h4 h5 5. Bd3 Bxd3 6. Qxd3 e6 7.
Bg5 Qa5+ 8. Nd2 Qa6 9. c4 Nd7 10.
Ngf3 Ne7 11. O-O f6 12. exf6 gxf6 13. Bf4 O-O-O 14. b3 Bg7 15. Qe2 Ng6 16. Bg3 e5 17. dxe5 fxe5 18. Ng5 Rde8 19. Nf7 e4 20. Nd6+ Kd8 21.
Nxe8 Rxe8 22. Rad1 Qxa2 23. Qxh5 Nge5 24. cxd5 cxd5 25.
Bxe5 Bxe5 26. Qg5+ Kc8 27. Qg6 Rh8 28. Qe6 Rxh4 29.
g3 Rh8 30. Nxe4 Qe2 31. Nc5 Rh7 32. Nxd7 Rxd7 33. Rxd5 1-0

[Event "*** Titled Tuesday Blitz"]
[Site "Chess.com"]
[Date "2019.02.05"]
[Round "2"]
[White "GM_shahin"]
[Black "xLuring1"]
[Result "1-0"]
[WhiteElo "2732"]
[BlackElo "2308"]
[TimeControl "180+2"]
[EndTime "13:21:16 PST"]
[Termination "GM_shahin won by checkmate"]

1. e4 c5 2. d4 cxd4 3. c3 dxc3 4. Nxc3 e6 5. Nf3 a6 6. Bc4 b5 7. Bb3 Bb7 8. O-O d6 9. Qe2 Nd7 10. Rd1 Qb8 11. Bf4 Ngf6 12. Nd5 Nxd5 13. exd5 e5 14. Nd4 g6 15. Rac1 Qd8 16. Nc6 Qf6 17. Na5 Bc8 18.
Be3 Bg7 19. Rc7 O-O 20. Rdc1 Kh8 21. R1c6 e4 22. Qc2 Qd8 23. Rxd6 Be5 24. Rdc6 Nf6 25. d6 Ng4 26. Qc5 Bxh2+ 27. Kf1 Qh4 28. Bd4+ f6 29. d7 Bf4 30. Qxf8# 1-0

[Event "*** Titled Tuesday Blitz"]
[Site "Chess.com"]
[Date "2019.02.05"]
[Round "2"]
[White "M1711"]
[Black "MartinMatthiesen"]
[Result "1-0"]
[WhiteElo "2535"]
[BlackElo "2435"]
[TimeControl "180+2"]
[EndTime "13:21:21 PST"]
[Termination "M1711 won on time"]

1. e4 e5 2. Nf3 Nc6 3. Nc3 Nf6 4.
d4 exd4 5. Nxd4 Bb4 6. Nxc6 bxc6 7. Bd3 d5 8. exd5 O-O 9. O-O cxd5 10. h3 c6 11. Qf3 Bd6 12. Bf4 Rb8 13. b3 Rb4 14. Bxd6 Qxd6 15. Rfe1 Be6 16. Rad1 Rd8 17. Ne2 c5 18. c4 d4 19. Ng3 a5 20. Ne4 Nxe4 21.
Qxe4 g6 22. Qh4 Re8 23. Qf6 Rbb8 24. h4 Qe7 25. Qf4 h5 26. Re5 Kg7 27. Rde1 1-0

[Event "*** Titled Tuesday Blitz"]
[Site "Chess.com"]
[Date "2019.02.05"]
[Round "2"]
[White "King_of_the_wing"]
[Black "julinha97"]
[Result "1-0"]
[WhiteElo "2208"]
[BlackElo "2088"]
[TimeControl "180+2"]
[EndTime "13:21:22 PST"]
[Termination "King_of_the_wing won by resignation"]

1. e4 c5 2. Nf3 d6 3. d4 cxd4 4. Nxd4 Nf6 5. Nc3 g6 6. f4 Nc6 7. Nxc6 bxc6 8. Bc4 Bg7 9. e5 Bg4 10. exf6 Bxd1 11. fxg7 Rg8 12. Nxd1 d5 13. Bd3 Rxg7 14. O-O e6 15. Be3 Qa5 16. Bd4 Rg8 17. c3 c5 18. Be5 Ke7 19. b4 cxb4 20. cxb4 Qxb4 21. Rb1 Qc5+ 22. Kh1 Rgd8 23. Rb7+ Rd7 24. Bf6+ Ke8 25.
Bb5 Kf8 26. Bxd7 Qc4 27. Bb5 Qc2 28. Ne3 Qd2 29. Ng4 Rc8 30. Ne5 Rc1 31. Rb8+ 1-0

[Event "*** Titled Tuesday Blitz"]
[Site "Chess.com"]
[Date "2019.02.05"]
[Round "2"]
[White "Sashadav97"]
[Black "igorkovalenko"]
[Result "1-0"]
[WhiteElo "2633"]
[BlackElo "2867"]
[TimeControl "180+2"]
[EndTime "13:21:25 PST"]
[Termination "Sashadav97 won by checkmate"]

1. d4 d5 2. c4 c6 3. Nf3 Nf6 4. Nc3 dxc4 5. a4 Bf5 6. e3 e6 7. Bxc4 Bb4 8. O-O Nbd7 9. Qe2 O-O 10. e4 Bg6 11. Bd3 a5 12. Bf4 Re8 13. Rad1 Bh5 14. e5 Nd5 15. Nxd5 exd5 16. h3 Nf8 17. g4 Bg6 18. Kg2 b6 19. Bg3 Qd7 20. Nh4 Bxd3 21.
Rxd3 c5 22. Nf5 Ne6 23. Kh2 c4 24. Rdd1 Qxa4 25. f4 c3 26. bxc3 Bxc3 27. Qd3 Rac8 28. Nd6 Qxd4 29. Nxe8 Rxe8 30. f5 Qc5 31. fxe6 fxe6 32. Qf3 Qc7 33. Rc1 d4 34. Qe4 b5 35.
Qxd4 b4 36. Rf3 Rd8 37. Qf4 h6 38. Rcf1 a4 39. Qe4 a3 40. Qg6 Qb7 41. Qxe6+ Kh7 42.
Qf5+ Kh8 43. Qg6 a2 44. Rf8+ Rxf8 45. Rxf8# 1-0

[Event "*** Titled Tuesday Blitz"]
[Site "Chess.com"]
[Date "2019.02.05"]
[Round "2"]
[White "CzechmVIII"]
[Black "NoGalloNoParty"]
[Result "1/2-1/2"]
[WhiteElo "2117"]
[BlackElo "2325"]
[TimeControl "180+2"]
[EndTime "13:21:25 PST"]
[Termination "Game drawn by repetition"]

1. e4 c5 2. Nf3 d6 3. d4 cxd4 4. Nxd4 Nf6 5. Nc3 a6 6. Bg5 e6 7. f4 Qb6 8. Qd2 Qxb2 9. Nb3 Qa3 10. Bxf6 gxf6 11. Be2 Qb4 12. O-O Qb6+ 13. Kh1 Nc6 14. Rab1 Qc7 15. Bh5 Bd7 16. Rf3 Ne7 17. Nd4 Qc5 18.
Rh3 e5 19. Nf5 Nxf5 20. exf5 Bc6 21. fxe5 fxe5 22. Qg5 Be7 23. f6 Bf8 24. Bxf7+ Kxf7 25. Qh5+ Ke6 26. Qg4+ Kf7 27. Qh5+ Ke6 28. Qg4+ Kf7 29. Qh5+ 1/2-1/2

[Event "*** Titled Tuesday Blitz"]
[Site "Chess.com"]
[Date "2019.02.05"]
[Round "2"]
[White "AkibaRubi"]
[Black "evgenysharapov"]
[Result "0-1"]
[WhiteElo "2591"]
[BlackElo "2314"]
[TimeControl "180+2"]
[EndTime "13:21:25 PST"]
[Termination "evgenysharapov won on time"]

1. d4 d5 2. c4 c6 3. Nc3 Nf6 4. e3 e6 5. Bd3 Nbd7 6. Nf3 dxc4 7.
Bxc4 b5 8. Bd3 Bb7 9. O-O Bd6 10. e4 e5 11. Re1 O-O 12. a3 Qb8 13. h3 a6 14. Be3 Re8 15. dxe5 Nxe5 16. Nxe5 Bxe5 17. f3 Nh5 18. Ne2 Nf4 19. Nxf4 Bxf4 20. Bxf4 Qxf4 21. Qe2 c5 22. Rac1 c4 23. Bb1 Rad8 24. Red1 g6 25. Bc2 Qe5 26. Bb1 h5 27. Rxd8 Rxd8 28. Bc2 Qxb2 29.
Rd1 Rxd1+ 30. Qxd1 Qxa3 31. Qd8+ Qf8 32. Qb6 Qc8 33. Qf6 Qc6 34. Qg5 b4 0-1